 Dungeon Crawl Stone Soup version 0.22-a0-377-g846bec1 (webtiles) character file.

11415 Amnesiac the Fighter (level 11, -1/90 HPs)
             Began as a Mummy Wizard on Apr 27, 2018.
             Was an Elder of Kikubaaqudgha.
             Slain by a six-headed hydra (2 damage)
             ... on level 10 of the Dungeon.
             The game lasted 00:30:38 (11240 turns).

Amnesiac the Fighter (Mummy Wizard)                Turns: 11240, Time: 00:30:39

Health: -1/90      AC:  7    Str: 10    XL:     11   Next: 49%
Magic:  7/23       EV: 19    Int: 22    God:    Kikubaaqudgha [****..]
Gold:   481        SH:  0    Dex: 10    Spells: 8/27 levels left

rFire    . . .     SeeInvis +   a - +2 demon whip (elec)
rCold    + . .     Gourm    .   (no shield)
rNeg     + + +     Faith    .   k - +1 leather armour {rF+}
rPois    ∞         Spirit   .   l - +0 helmet
rElec    .         Reflect  .   w - +1 cloak
rCorr    .         Harm     .   (no gloves)
MR       +....                  (no boots)
Stlth    +.........             h - amulet of the acrobat
HPRegen  0.25/turn              o - +4 ring of evasion
MPRegen  0.18/turn              p - ring of see invisible

@: very slightly contaminated
A: no food or potions, fire vulnerability, cold resistance 1, negative energy
resistance 3, torment resistance, unbreathing
a: Receive Corpses, Renounce Religion


You were on level 10 of the Dungeon.
You worshipped Kikubaaqudgha.
Kikubaaqudgha was greatly pleased with you.
You were not hungry.

You visited 3 branches of the dungeon, and saw 13 of its levels.

You collected 481 gold pieces.

Inventory:

Hand Weapons
 a - a +2 demon whip of electrocution (weapon)
 b - a +2 dagger of venom
Armour
 k - a +1 leather armour of fire resistance (worn)
 l - a +0 helmet (worn)
 w - a +1 cloak (worn)
Jewellery
 h - an amulet of the acrobat (around neck)
 j - an uncursed amulet of magic regeneration
 o - a +4 ring of evasion (left hand)
 p - a ring of see invisible (right hand)
 z - an uncursed ring of protection from magic
 A - an uncursed ring of protection from cold
Wands
 m - a wand of iceblast (17)
 q - a wand of enslavement (19)
 r - a wand of random effects (8)
 s - a wand of flame (24)
 u - a wand of polymorph (24)
Scrolls
 d - 7 scrolls of teleportation {!r, unknown}
 e - 4 scrolls of blinking {!r}
 f - a scroll of fog {!r}
 g - a scroll of magic mapping {!r}
 i - 13 scrolls of remove curse {!r}
 n - a scroll of immolation {!r}
 t - 3 scrolls of enchant armour {!r}
 v - 2 scrolls of amnesia {!r}
 x - a scroll of torment {!r}
 y - 3 scrolls of identify {!r}
Miscellaneous
 c - a fan of gales


   Skills:
 * Level 10.1 Fighting
 + Level 8.4 Dodging
 - Level 1.5 Stealth
 + Level 8.5 Spellcasting
 - Level 0.7 Conjurations
 - Level 0.7 Summonings
 * Level 10.0 Necromancy
 - Level 0.7 Translocations


You had 8 spell levels left.
You knew the following spells:

 Your Spells              Type           Power        Failure   Level  Hunger
a - Magic Dart            Conj           ##..         7%          1    N/A
b - Call Imp              Summ           ##......     11%         2    N/A
c - Dispel Undead         Necr           ######..     4%          5    N/A
d - Vampiric Draining     Necr           ######....   1%          3    N/A
e - Mephitic Cloud        Conj/Pois/Air  ##......     26%         3    N/A
s - Conjure Flame         Conj/Fire      ##......     24%         3    N/A
v - Blink                 Tloc           N/A          11%         2    N/A

Dungeon Overview and Level Annotations

Branches:
Dungeon (11/15)            Temple (1/1) D:6            Lair (1/6) D:8
    Orc: D:9-12

Altars:
Ashenzari
Cheibriados
Dithmenos
Elyvilon
Fedhas
Gozag
Hepliaklqana
Kikubaaqudgha
Makhleb
Nemelex Xobeh
Okawaru
Qazlal
Ru
Sif Muna
Trog
Uskayaw
Vehumet
Wu Jian
Xom
Yredelemnul
Zin
The Shining One

Shops:
D:4 (   D:5 %   D:8 =   D:9 *(%}   D:10 *

Annotations:
D:11 Erolcha


Innate Abilities, Weirdness & Mutations

You do not eat or drink.
Your flesh is vulnerable to fire.
You are immune to poison.
Your flesh is cold resistant. (rC+)
You are immune to negative energy. (rN+++)
You are immune to unholy pain and torment.
You can survive without breathing.


Message History

The bullfrog hits itself!
The bullfrog hits you. The bullfrog completely misses you.
The bullfrog hits the six-headed hydra.
Casting: Mephitic Cloud (safe; 26% risk of failure)
Confirm with . or Enter, or press ? or * to list all spells.
Aiming: Conjure Flame (safe; 24% risk of failure)
Press: ? - help, Dir - move target cursor, p - bullfrog You miscast Conjure Flame.
You are very lightly contaminated with residual magic.
Heat runs through your body.
Casting: Conjure Flame (safe; 24% risk of failure)
Confirm with . or Enter, or press ? or * to list all spells.
Aiming: Conjure Flame (safe; 24% risk of failure)
Press: ? - help, Dir - move target cursor The fire ignites!
The six-headed hydra is engulfed in blazing flames.
The six-headed hydra completely misses you.
The six-headed hydra bites you!
The six-headed hydra bites you but does no damage.
The six-headed hydra bites you.
The six-headed hydra completely misses you.
The six-headed hydra bites you!
* * * LOW HITPOINT WARNING * * *
Casting: Conjure Flame (safe; 24% risk of failure)
Confirm with . or Enter, or press ? or * to list all spells.
Aiming: Vampiric Draining (safe; 1% risk of failure)
Press: ? - help, Shift-Dir - straight line, f - six-headed hydra
Aim: a six-headed hydra (flame, lightly wounded)
The six-headed hydra is moderately wounded.
You feel life coursing into your body.
The bullfrog seems less confused.
The six-headed hydra is engulfed in blazing flames.
The six-headed hydra bites you.
* * * LOW HITPOINT WARNING * * *
The six-headed hydra closely misses you.
The six-headed hydra bites you.
* * * LOW HITPOINT WARNING * * *
The six-headed hydra bites you!
* * * LOW HITPOINT WARNING * * *
The six-headed hydra bites you but does no damage.
The six-headed hydra closely misses you.
Unknown command.
Casting: Vampiric Draining (safe; 1% risk of failure)
Confirm with . or Enter, or press ? or * to list all spells.
You blink.
The six-headed hydra is engulfed in blazing flames.
Casting: Blink (safe; 11% risk of failure)
Confirm with . or Enter, or press ? or * to list all spells.
You blink.
Casting: Blink (safe; 11% risk of failure)
Confirm with . or Enter, or press ? or * to list all spells.
Okay, then.
This spell is quite dangerous to cast!
Memorise Bolt of Draining, consuming 5 spell levels and leaving 3?
You start memorising the spell.
You continue memorising.
The six-headed hydra is engulfed in blazing flames.
You continue memorising. x3
The six-headed hydra closely misses you.
The six-headed hydra bites you!
* * * LOW HITPOINT WARNING * * *
Your memorisation is interrupted.
The six-headed hydra bites you.
* * * LOW HITPOINT WARNING * * *
The six-headed hydra bites you.
You die...
Kikubaaqudgha rasps: "You have failed me!
Welcome... oblivion!"

#...#####...#.#.#.....#...#.#..##
#.#.## #...#.#.#F#.#.#.###....#
.....# #...#.#.#D#...........##
####.## #...#.#F#.#..(........# #
#..# #####.#§#.#D#.........# #
##.# #.#.#.#.#.........# # #.#
#.#.#...#.........# # #.#
#.#D#####.........# #####.##
#.#.@..##...((....# .......#
#.#....(.....######## .......##
#.#......##'#####.... ........#
#.#......#........... .)....#.##
#.#......#.<......... ).....#..#
#........#.........## ......##.##
#.#......#.........# ......##..#
#.########.........#
......###.###.# ###########


You could see a six-headed hydra and a bullfrog.

Vanquished Creatures
  Snorg (D:10)
  4 two-headed ogres
  The ghost of whitenoisemaker the Transmogrifier, a novice DrTm of Makhleb (D:9)
  A cyclops (D:11)
  Psyche (D:9)
  Prince Ribbit (D:7)
  3 trolls
  Grinder (D:3)
  4 hippogriffs
  A spriggan (D:7)
  7 yaks (D:10)
  Edmund (D:5)
  A water moccasin (D:10)
  2 ice beasts
  3 sky beasts
  An orc warrior (D:7)
  2 black bears (D:8)
  5 ogres
  2 phantoms (D:7)
  3 wolves (D:8)
  5 centaurs
  2 big kobolds
  4 bullfrogs
  4 scorpions
  4 wights (D:7)
  4 howler monkeys
  3 electric eels (D:8)
  A crimson imp (D:6)
  3 centaur skeletons
  8 hounds
  Crazy Yiuf (D:3)
  A bullfrog skeleton (D:7)
  An orc priest (D:7)
  2 jellies
  3 orc wizards
  A gnoll shaman (D:9)
  3 iguanas
  A worker ant (D:4)
  9 gnolls
  10 adders
  7 shadow imps
  An ooze (D:2)
  2 adder skeletons
  6 worms
  A dart slug (D:3)
  2 leopard geckos
  11 orcs
  9 bats
  2 giant cockroaches
  9 hobgoblins
  9 jackals
  6 quokkas
  A ball python (D:6)
  4 frilled lizards
  6 goblins
  6 kobolds
  4 rats
201 creatures vanquished.

Vanquished Creatures (collateral kills)
  A phantom (D:5)
  An ogre (D:5)
  A shadow imp (D:6)
3 creatures vanquished.

Vanquished Creatures (others)
  A quokka (D:10)
1 creature vanquished.

Grand Total: 205 creatures vanquished

Notes
Turn   | Place    | Note
-------+----------+-------------------------------------------
     0 | D:1      | Amnesiac the Mummy Wizard began the quest for the Orb.
     0 | D:1      | Reached XP level 1. HP: 13/13 MP: 5/5
   155 | D:2      | Reached XP level 2. HP: 20/20 MP: 7/7
   169 | D:2      | Reached skill level 1 in Fighting
   175 | D:2      | Learned a level 2 spell: Call Imp
   710 | D:4      | Found Roant's Antique Weapon Boutique.
   767 | D:4      | Reached XP level 3. HP: 2/26 MP: 6/8
   772 | D:4      | Learned a level 3 spell: Conjure Flame
   776 | D:4      | Learned a level 3 spell: Mephitic Cloud
  1640 | D:4      | Found a sacrificial altar of Ru.
  1785 | D:4      | Became a worshipper of Ru the Awakened
  1797 | D:5      | Entered Level 5 of the Dungeon
  1819 | D:5      | Reached XP level 4. HP: 29/33 MP: 10/10
  1841 | D:5      | Noticed an ogre
  1861 | D:5      | Killed an ogre
  2008 | D:5      | Found Oxzad's Food Emporium.
  2090 | D:5      | Reached XP level 5. HP: 34/39 MP: 8/11
  2176 | D:5      | Noticed Edmund
  2211 | D:5      | Killed Edmund
  2211 | D:5      | Reached XP level 6. HP: 36/47 MP: 12/12
  2564 | D:5      | Found a sparkling altar of Nemelex Xobeh.
  2574 | D:5      | Found a glowing silver altar of Zin.
  2577 | D:5      | Noticed an angel
  2910 | D:6      | Reached skill level 5 in Dodging
  2967 | D:6      | Noticed Prince Ribbit
  3267 | D:6      | Reached XP level 7. HP: 50/54 MP: 10/13
  3271 | D:6      | Learned a level 2 spell: Blink
  3464 | D:6      | Found a staircase to the Ecumenical Temple.
  3470 | Temple   | Entered the Ecumenical Temple
  3576 | Temple   | Fell from the grace of Ru
  3576 | Temple   | Became a worshipper of Kikubaaqudgha
  3697 | D:6      | Reached skill level 1 in Necromancy
  3936 | D:1      | Found an iron altar of Okawaru.
  4877 | D:3      | Found an opulent altar of Gozag.
  5175 | D:3      | Reached * piety under Kikubaaqudgha
  5175 | D:3      | Identified Kikubaaqudgha's Disquisition on Darkness (Kikubaaqudgha gifted it to you on level 3 of the Dungeon)
  5175 | D:3      | Received a gift from Kikubaaqudgha
  5340 | D:3      | Noticed Grinder
  5347 | D:3      | Found a burning altar of Makhleb.
  5369 | D:3      | Killed Grinder
  5484 | D:3      | Found a runed door.
  5685 | D:3      | Noticed Crazy Yiuf
  5695 | D:3      | Killed Crazy Yiuf
  6025 | D:6      | Reached XP level 8. HP: 56/61 MP: 14/14
  6344 | D:7      | Noticed a hippogriff
  6417 | D:7      | Reached skill level 5 in Fighting
  6494 | D:7      | Killed a hippogriff
  6494 | D:7      | Reached skill level 5 in Necromancy
  6533 | D:7      | Noticed a hippogriff
  6542 | D:7      | Killed a hippogriff
  6865 | D:7      | Found a stormy altar of Qazlal.
  6892 | D:7      | Found a glowing silver altar of Zin.
  6903 | D:7      | Reached XP level 9. HP: 38/71 MP: 15/15
  6922 | D:7      | Learned a level 3 spell: Vampiric Draining
  6965 | D:7      | Found a basalt altar of Yredelemnul.
  7115 | D:7      | Reached ** piety under Kikubaaqudgha
  7143 | D:7      | Killed Prince Ribbit
  7220 | D:7      | Reached skill level 5 in Spellcasting
  7282 | D:8      | Noticed a two-headed ogre
  7296 | D:8      | Killed a two-headed ogre
  7448 | D:8      | Noticed a troll
  7448 | D:8      | Found a staircase to the Lair.
  7598 | D:8      | Killed a troll
  7598 | D:8      | Reached XP level 10. HP: 20/79 MP: 13/19
  8117 | D:8      | Found a glowing golden altar of the Shining One.
  8131 | D:8      | Found a deep blue altar of Sif Muna.
  8352 | D:8      | Found a hide-covered altar of Uskayaw.
  8420 | D:8      | Found a hazy altar of Hepliaklqana.
  8533 | D:8      | Found Liecvefi's Jewellery Emporium.
  8607 | D:8      | Found a shimmering altar of Xom.
  8754 | Lair:1   | Entered Level 1 of the Lair of Beasts
  8823 | D:9      | Reached *** piety under Kikubaaqudgha
  8823 | D:9      | Identified Kikubaaqudgha's Incunabulum of Black Rituals (Kikubaaqudgha gifted it to you on level 9 of the Dungeon)
  8823 | D:9      | Received a gift from Kikubaaqudgha
  8836 | D:9      | Learned a level 5 spell: Dispel Undead
  8839 | D:9      | Found Ryikaah's Gadget Shoppe.
  8840 | D:9      | Noticed whitenoisemaker's ghost (novice DrTm)
  8846 | D:9      | Killed whitenoisemaker's ghost
  8848 | D:9      | Noticed a two-headed ogre
  9088 | D:9      | Noticed a two-headed ogre
  9137 | D:9      | Killed a two-headed ogre
  9197 | D:9      | Found Bufar's Food Shop.
  9214 | D:9      | Noticed a two-headed ogre
  9231 | D:9      | Killed a two-headed ogre
  9287 | D:9      | Noticed Psyche
  9329 | D:9      | Killed a two-headed ogre
  9329 | D:9      | Reached XP level 11. HP: 54/86 MP: 7/22
  9462 | D:9      | Killed Psyche
  9560 | D:9      | Found an ornate altar of the Wu Jian Council.
  9662 | D:9      | Found Fit Qay's Assorted Antiques.
  9665 | D:9      | Found Zohuq's Antique Weapon Emporium.
  9718 | D:10     | Entered Level 10 of the Dungeon
  9739 | D:10     | Reached skill level 10 in Necromancy
  9840 | D:10     | Found Kups's Demolitions Depot.
 10134 | D:10     | Reached **** piety under Kikubaaqudgha
 10525 | D:11     | Noticed Snorg
 10577 | D:10     | Killed Snorg
 10749 | D:11     | Noticed Erolcha
 11152 | D:11     | Reached skill level 10 in Fighting
 11153 | D:11     | Noticed a six-headed hydra
 11240 | D:10     | HP: 1/90 [six-headed hydra (6)]
 11240 | D:10     | Slain by a six-headed hydra

Vault maps used:
D:1:      sevenhm_arrival_forest_fort_small_6, okawaru_ov_weapons_minmay
D:3:      grunt_gozag_breadcrumbs, bloody_makhleb, uniq_crazy_yiuf_cottage,
          uniq_grinder
D:4:      hangedman_ru_absence, serial_shops, shop, first_ration
D:5:      zin_angel, kennysheep_mini_moat, serial_shops, shop_fountains,
          uniq_edmund
D:6:      temple_green, uniq_prince_ribbit1
D:7:      grunt_qazlal_clouds, lemuel_doored_altar, basic_altar, the_bakery
D:8:      marbit_many_paths, kennysheep_little_box,
          lemuel_coloured_pillars_altar, tso_metal_star, erik_lair_island,
          serial_shops, kennysheep_mini, nrook_mini_vaults, xom_teletrap_fun
D:9:      old_standard_altar, serial_shops, nicolae_shop_statue_plus,
          shop_statue, shop, shop, uniq_psyche
D:10:     st_stairs_4, nicolae_blasting_shop
D:11:     kennysheep_small_spiral, uniq_snorg, uniq_erica, uniq_erolcha
Temple:   minmay_temple_curvy_loop
Lair:1:   minivault_25, lemuel_fruit_tree, infiniplex_staircase_pool_2

Skill      XL: |  1  2  3  4  5  6  7  8  9 10 11 |
---------------+----------------------------------+-----
Dodging        | 2 3 4 5 7 8 |  8.4
Fighting       | 1 2 3 4 6 7 8 10 | 10.1
Necromancy     | 4 6 8 9 10 | 10.0
Spellcasting   | 6 7 8 |  8.5
Stealth        | |  1.5
Conjurations   | |  0.7
Summonings     | |  0.7
Translocations | |  0.7

Action                   |  1- 3 |  4- 6 |  7- 9 | 10-12 || total
-------------------------+-------+-------+-------+-------++-------
Melee: Dagger            |    73 |   114 |   393 |   285 ||   865
       Demon whip        |       |       |       |    34 ||    34
 Cast: Magic Dart        |     7 |       |    24 |       ||    31
       Call Imp          |       |    12 |     6 |       ||    18
       Mephitic Cloud    |       |     2 |    19 |    27 ||    48
       Conjure Flame     |       |     1 |     6 |     7 ||    14
       Vampiric Draining |       |       |     4 |    23 ||    27
       Dispel Undead     |       |       |       |     4 ||     4
       Blink             |       |       |       |     3 ||     3
Evoke: Wand              |       |       |     3 |     1 ||     4
  Use: Scroll            |       |     5 |     3 |     3 ||    11
 Stab: Sleeping          |     1 |     1 |     1 |       ||     3
       Distracted        |       |       |     1 |       ||     1
       Confused          |       |       |     6 |     9 ||    15
Armor: Robe              |     7 |       |       |       ||     7
       Leather armour    |     3 |    24 |    59 |    72 ||   158
Dodge: Dodged            |    39 |    69 |   300 |   338 ||   746

Table legend:
 A = Spawn XP
 B = Non-spawn XP
 C = Spawn XP percentage of total XP
 D = Spawn monster count
 E = Non-spawn monster count
 F = Spawn count percentage of total count
 G = Total turns spent on level
                    A         B        C        D         E        F      G
               +---------+---------+-------+---------+---------+-------+---------
         Total |       0 |   16308 |   0.0 |       0 |     204 |   0.0 | 11240
               +---------+---------+-------+---------+---------+-------+---------
           D:1 |       0 |      31 |   0.0 |       0 |      19 |   0.0 |   578
           D:2 |       0 |      60 |   0.0 |       0 |      18 |   0.0 |  1012
           D:3 |       0 |     360 |   0.0 |       0 |      16 |   0.0 |  1031
           D:4 |       0 |      56 |   0.0 |       0 |       5 |   0.0 |  1179
           D:5 |       0 |     516 |   0.0 |       0 |      14 |   0.0 |   934
           D:6 |       0 |     471 |   0.0 |       0 |      14 |   0.0 |  1514
           D:7 |       0 |    2339 |   0.0 |       0 |      31 |   0.0 |   865
           D:8 |       0 |    2702 |   0.0 |       0 |      25 |   0.0 |  1615
           D:9 |       0 |    5039 |   0.0 |       0 |      33 |   0.0 |   831
          D:10 |       0 |    4056 |   0.0 |       0 |      23 |   0.0 |  1342
          D:11 |       0 |     665 |   0.0 |       0 |       5 |   0.0 |   180
        Temple |       0 |      13 |   0.0 |       0 |       1 |   0.0 |   157
               +---------+---------+-------+---------+---------+-------+---------
